 Dungeon Crawl Stone Soup version 0.16-a0-4115-ga5ed934 (webtiles) character file.

2455 McCoppin the Carver (level 9, -1/63 HPs)
             Began as a Demonspawn Fighter on Mar 1, 2015.
             Was an Initiate of Ru.
             Slain by a killer bee (6 damage)
             ... on level 6 of the Dungeon.
             The game lasted 00:30:45 (6487 turns).

McCoppin the Carver (Demonspawn Fighter)            Turns: 6487, Time: 00:30:45

Health: -1/63      AC: 17    Str: 24    XL:     9   Next: 26%
Magic:  9/9        EV:  4    Int: 16    God:    Ru [......]
Gold:   356        SH:  9    Dex: 12    Spells: 0 memorised, 8 levels left

rFire  + . .     SeeInvis +     y - +2 short sword (elec)
rCold  . . .     Clarity  .     q - +0 plate armour
rNeg   . . .     SustAb   .     c - +0 shield
rPois  .         Gourm    +     (helmet restricted)
rElec  .         Spirit   .     C - +2 cloak
rCorr  .         Warding  .     D - +0 pair of gloves
rMut   .         Stasis   .     (no boots)
MR     .....                    n - amulet of the gourmand
Stlth  ..........               j - ring of see invisible
                                m - +1 ring of protection

@: mighty, brilliant, lethally poisoned (-1 -> -21), invisible, not resistant to
hostile enchantments, extremely unstealthy
A: horns 2, molten scales 1, fire resistance 1, spiny 1
a: Renounce Religion


You were on level 6 of the Dungeon.
You worshipped Ru.
Ru was noncommittal.
You were very full.

You visited 2 branches of the dungeon, and saw 8 of its levels.

You collected 482 gold pieces.
You spent 126 gold pieces at shops.

Inventory:

Hand weapons
 a - a +1 long sword
 g - a +0 dagger
 y - a +2 short sword of electrocution (weapon)
Missiles
 f - 148 stones (quivered)
 u - 26 poisoned needles
 w - a throwing net
Armour
 b - a +0 scale mail
 c - a +0 shield (worn)
 q - a +0 plate armour (worn)
 C - a +2 cloak (worn)
 D - a +0 pair of gloves (worn)
Jewellery
 j - a ring of see invisible (right hand)
 m - a +1 ring of protection (left hand)
 n - an amulet of the gourmand (around neck)
 F - an uncursed ring of protection from cold {unknown}
Magical devices
 t - a wand of digging (13)
 v - a wand of cold (7)
 A - a wand of flame (10)
Scrolls
 i - a scroll of fear
 p - a scroll of random uselessness
 z - a scroll of identify
 I - a scroll of remove curse
 J - a scroll of teleportation
 K - a scroll of blinking
Potions
 d - 4 potions of restore abilities {unknown}
 e - a potion of might
 k - 2 potions of agility {unknown}
 s - a potion of resistance
 G - 2 potions of lignification {unknown}
Books
 M - a book of the Sky

   Spells                             Type                      Level
   a - Flight                         Charms/Air                   3
   b - Airstrike                      Air                          4
   c - Silence                        Hexes/Air                    5
   d - Deflect Missiles               Charms/Air                   6
   e - Conjure Ball Lightning         Conjuration/Air              6
   f - Tornado                        Air                          9
Comestibles
 h - 4 beef jerkies
 l - 5 meat rations
 o - a royal jelly
 x - a bread ration
 H - a slice of pizza
 L - 8 chunks of flesh


   Skills:
 - Level 3.0 Fighting
 + Level 11.4 Long Blades
 - Level 2.6 Armour
 - Level 2.6 Shields


You had 8 spell levels left.
You didn't know any spells.

Dungeon Overview and Level Annotations

Branches:
Dungeon (7/15)             Temple (1/1) D:5

Altars:
Ashenzari
Cheibriados
Dithmenos
Elyvilon
Fedhas
Kikubaaqudgha
Makhleb
Okawaru
Qazlal
Ru
Sif Muna
Trog
Vehumet
Xom
Yredelemnul
Zin
The Shining One

Shops:
D:4 *   D:6 *


Innate Abilities, Weirdness & Mutations

You have a pair of horns on your head.
You are partially covered in molten scales (AC +1).
Your flesh is heat resistant.
You are partially covered in sharp spines.


Message History

You feel very sick.
The killer bee stings you but does no damage.
The killer bee stings you.
* * * LOW HITPOINT WARNING * * *
The killer bee stings you but does no damage.
The hound bites you but does no damage.
The killer bee stings you but does no damage.
You block the killer bee's attack. x2
The hound bites you but does no damage.
Drink which item? (? for menu, Esc to quit)
It was a potion of invisibility.
You fade into invisibility!
* * * LOW HITPOINT WARNING * * *
You feel sick.
The killer bee stings you but does no damage.
The killer bee is struck by your spines.
The killer bee barely misses you.
The killer bee stings you but does no damage.
The killer bee stings you.
You die...

#.....# ##.....#...##.
###...# ####.......##
#...# ####......
####...##### ####...
#..........# ##..
#..........# ###..
#..........########...#
######h..........#..###
#@y...........####
#yy..[............
#......#..†...###.
#........#.#......
#......#.......##.
#......###.#.#####
#......##....#####
#.......†.....##..
#..#†##..........#


You could see a hound and 3 killer bees.

Vanquished Creatures
  Pikel (D:4)
  Prince Ribbit (D:5)
  A slave (D:5)
  An ice beast (D:5)
  3 ogres
  A sky beast (D:5)
  A centaur (D:5)
  Sigmund (D:6)
  3 giant frogs
  4 crimson imps
  A centaur zombie (D:5)
  A gnoll shaman (D:4)
  3 orc priests
  An iguana (D:4)
  Crazy Yiuf (D:5)
  2 hounds
  5 orc wizards
  9 worker ants
  Terence (D:3)
  2 hound zombies (D:5)
  4 adders
  5 gnolls (D:4)
  A shadow imp (D:5)
  A worm (D:3)
  2 giant geckos
  2 oozes
  21 orcs
  5 giant cockroaches
  11 goblins
  9 hobgoblins
  10 jackals
  12 kobolds
  4 quokkas
  2 ball pythons
  4 bats
  A giant gecko zombie (D:7)
  A giant newt (D:1)
  12 rats
150 creatures vanquished.

Vanquished Creatures (others)
  A ball python (D:5)
1 creature vanquished.

Grand Total: 151 creatures vanquished

Notes
Turn   | Place    | Note
--------------------------------------------------------------
     0 | D:1      | McCoppin, the Demonspawn Fighter, began the quest for the Orb.
     0 | D:1      | Reached XP level 1. HP: 18/18 MP: 1/1
   317 | D:1      | Gained mutation: You have a pair of small horns on your head. [demonic ancestry]
   317 | D:1      | Reached XP level 2. HP: 18/24 MP: 2/2
  1178 | D:2      | Gained mutation: You have a pair of horns on your head. [demonic ancestry]
  1178 | D:2      | Reached XP level 3. HP: 29/29 MP: 3/3
  1641 | D:3      | Noticed Terence
  1654 | D:3      | Killed Terence
  1727 | D:3      | Reached skill level 4 in Long Blades
  1727 | D:3      | Reached XP level 4. HP: 30/35 MP: 4/4
  2338 | D:4      | Found Yghaytra's Assorted Antiques.
  2343 | D:4      | Gained mutation: You are partially covered in molten scales (AC +1). [demonic ancestry]
  2343 | D:4      | Reached XP level 5. HP: 41/41 MP: 5/5
  2392 | D:4      | Reached skill level 5 in Long Blades
  2589 | D:4      | Reached XP level 6. HP: 27/47 MP: 6/6
  3152 | D:4      | Reached skill level 6 in Long Blades
  3199 | D:4      | Found a stormy altar of Qazlal.
  3808 | D:5      | Entered Level 5 of the Dungeon
  3902 | D:5      | Reached skill level 7 in Long Blades
  3902 | D:5      | Reached XP level 7. HP: 35/52 MP: 7/7
  4403 | D:5      | Found a shadowy altar of Dithmenos.
  4404 | D:5      | Noticed Prince Ribbit
  4417 | D:5      | Killed Prince Ribbit
  4417 | D:5      | Reached skill level 8 in Long Blades
  4495 | D:5      | Gained mutation: You are partially covered in sharp spines. [demonic ancestry]
  4495 | D:5      | Reached XP level 8. HP: 13/58 MP: 8/8
  4789 | D:5      | Reached skill level 9 in Long Blades
  5070 | D:5      | Noticed Pikel
  5098 | D:4      | Killed Pikel
  5098 | D:4      | Reached skill level 10 in Long Blades
  5168 | D:5      | Found a staircase to the Ecumenical Temple.
  5186 | Temple   | Entered the Ecumenical Temple
  5529 | Temple   | Became a worshipper of Ru the Awakened
  5605 | D:5      | Noticed Crazy Yiuf
  5615 | D:5      | Killed Crazy Yiuf
  5699 | D:5      | Found a deep blue altar of Sif Muna.
  5726 | D:5      | Gained mutation: Your flesh is heat resistant. [demonic ancestry]
  5726 | D:5      | Reached XP level 9. HP: 55/63 MP: 9/9
  5994 | D:6      | Noticed Sigmund
  6012 | D:6      | Killed Sigmund
  6012 | D:6      | Reached skill level 11 in Long Blades
  6222 | D:6      | Found Ysadomp's General Store.
  6229 | D:6      | Bought a scroll of teleportation for 36 gold pieces
  6229 | D:6      | Bought a scroll of blinking for 90 gold pieces
  6487 | D:6      | Slain by a killer bee

Action                   |  1- 3 |  4- 6 |  7- 9 || total
-------------------------+-------+-------+-------++-------
Melee: Long sword        |   130 |   153 |    19 ||   302
       Short sword       |       |       |   226 ||   226
  Use: Potion            |     1 |     1 |     6 ||     8
       Scroll            |     2 |     4 |     3 ||     9
  Eat: Bread ration      |     1 |       |       ||     1
       Chunk             |       |    11 |    14 ||    25
